 Dungeon Crawl Stone Soup version 0.31-a0-889-g1a8549509d (webtiles) character file.

Game seed: 1684553211046943116

2 Azuregosa the Sneak (level 1, -1/16 HPs)
             Began as an Octopode Delver on Oct 16, 2023.
             Slain by a jackal (3 damage)
             ... on level 5 of the Dungeon.
             The game lasted 00:00:32 (86 turns).

Azuregosa the Sneak (Octopode Delver)                 Turns: 86, Time: 00:00:32

Health: -1/16      AC:  1    Str: 11    XL:     1   Next: 30%
Magic:  1/1        EV: 13    Int: 12    God:
Gold:   4          SH:  0    Dex: 13    Spells: 0/0 levels left

rFire   . .          .
                       - Unarmed
rCold   . . .        (no shield)
rNeg    . . .        (helmet restricted)
rPois   .            (no amulet)
rElec   .            (no ring)
rCorr   .            (no ring)
SInv    .            (no ring)
Will    .....        (no ring)
Stlth   ++++         (no ring)
HPRegen 0.22/turn    (no ring)
MPRegen 0.07/turn    (no ring)
                     (no ring)

%: no passive effects
@: lethally poisoned (-1 -> -15)
A: almost no armour, amphibious, 8 rings, camouflage 1, gelatinous body 1,
(nimble swimmer 1), tentacles
a: no special abilities


You were on level 5 of the Dungeon.
You visited 1 branch of the dungeon, and saw 2 of its levels.

You collected 4 gold pieces.

Inventory:

Missiles
 g - 3 stones
Wands
 e - a wand of digging (3)
Scrolls
 a - a scroll of fog
 b - 2 scrolls of revelation
 c - a scroll of fear
 f - a scroll of enchant weapon {unknown}
Potions
 d - a potion of haste


   Skills:
 - Level 3.0 Fighting
 - Level 2.0 Dodging
 + Level 6.7 Stealth
 - Level 2.0 Unarmed Combat


You couldn't memorise any spells.
You didn't know any spells.
Your spell library was empty.

Dungeon Overview and Level Annotations

Branches:
Dungeon (6/15)             Temple (0/1) D:6

Altars:


Innate Abilities, Weirdness & Mutations

You cannot wear most types of armour.
You are amphibious.
You can wear up to eight rings at the same time.
Your skin changes colour to match your surroundings (Stealth+).
Your rubbery body absorbs attacks. (AC +1, EV +1)
((You are camouflaged when in or above water. (Stealth+)))
You have tentacles for arms and can constrict up to eight enemies at once.


Message History

There is a stone staircase leading up here.
You climb upwards.
There is a stone staircase leading down here.
Found 4 gold pieces.
You now have 4 gold pieces.
An orc comes into view. It is wielding a +0 war axe.
The helpless orc fails to defend itself.
You tentacle-slap the orc. You grab the orc. You tentacle-slap the orc.
You squeeze the orc.
You kill the orc!
You see here a +0 war axe.
Found 7 stones.
f - a scroll labelled ERRYRGH OXKOZEI
Found 3 stones.
You see here 3 stones.
g - 3 stones
b - 2 scrolls of revelation (gained 1)
A jackal comes into view.
A jackal comes into view.
The jackal barks!
A jackal comes into view.
The jackal moves out of view.
The jackal bites you but does no damage.
The jackal barks! x2
The jackal barely misses you.
A scorpion comes into view.
The jackal bites you. x2
The jackal attacks as it pursues you! The jackal bites you.
You tentacle-slap the scorpion. Your grab misses the scorpion.
The scorpion is lightly wounded.
The jackal barely misses you. The jackal misses you. The scorpion misses you.
You tentacle-slap the scorpion but do no damage.
You grab the scorpion.
The scorpion is lightly wounded.
You constrict the scorpion. The jackal closely misses you.
The jackal bites you. The scorpion stings you!
* * * LOW HITPOINT WARNING * * *
You are lethally poisoned!
The scorpion poisons you! The jackal bites you.
You die...

### ..# #.# #.#
#####.#######
###..hh@s.....#
#.....#h#####.#
.##.#.......#
#.#
..........#.#
#.#
............#
#.#
###.#.....###
#.##### #
####.## #.....#
#+# #####.# .
.# #.#


You could see a scorpion and 3 jackals.

Vanquished Creatures
  An orc (D:5)
1 creature vanquished.

Notes
Turn   | Place    | Note
-------+----------+-------------------------------------------
     0 | D:5      | Azuregosa the Octopode Delver began the quest for the Orb.
     0 | D:5      | Reached XP level 1. HP: 16/16 MP: 1/1
     1 | D:6      | Noticed an orc priest
     1 | D:6      | Found a staircase to the Ecumenical Temple.
    83 | D:5      | Noticed a scorpion
    86 | D:5      | Slain by a jackal

Illustrated notes

Levels and vault maps discovered:
D:5:      layout_loops_corners
D:6:      minmay_clustersquares, layout_gridville, kennysheep_little_box,
          mainiacjoe_overflow_small_starburst, minmay_temple_entry_proselytizer,
          lemuel_flame_loot_1, uniq_jeremiah

Action                     || total
---------------------------++-------
  Melee: Unarmed           ||     3
         Constrict         ||     2
         Punch             ||     1
         Tentacles         ||     1
   Stab: Sleeping          ||     1
 Armour: Skin              ||     7
  Dodge: Dodged            ||     5

Table legend: (Time is in decaauts)
 A = Elapsed time spent in this place.
 B = Non-inter-level travel time spent in this place.
 C = Inter-level travel time spent in this place.
 D = Time resting spent in this place.
 E = Time spent auto-exploring this place.
 F = Levels seen in this place.
 G = Mean time per level.
                   A        B        C        D        E       F      G
               +--------+--------+--------+--------+--------+-----+--------+
         Total |     86 |     86 |      0 |      0 |     25 |   2 |   43.0 |
       Dungeon |     86 |     86 |      0 |      0 |     25 |   2 |   43.0 |
               +--------+--------+--------+--------+--------+-----+--------+

Top non-repeatable levels by time:
     D:5: 84 daAuts
     D:6: 1 daAuts
